 Dungeon Crawl Stone Soup version 0.24.0-123-gd5b16e6ec5 (webtiles) character file.

Game seed: 12303001541976608131, levelgen mode: deterministic

21514 Ereth the Severer (level 12, -2/107 HPs)
             Began as a Hill Orc Fighter on Dec 27, 2019.
             Was the Champion of Okawaru.
             Slain by a freezing wraith (12 damage)
             ... on level 12 of the Dungeon.
             The game lasted 00:31:29 (12091 turns).

Ereth the Severer (Hill Orc Fighter)               Turns: 12091, Time: 00:31:30

Health: -2/107     AC: 14    Str: 23    XL:     12   Next: 90%
Magic:  14/14      EV:  8    Int:  8    God:    Okawaru [******]
Gold:   528        SH:  2    Dex: 11    Spells: 11/11 levels left

rFire    . . .     SeeInvis .   L - +3 executioner's axe "Jackey" {elec, +Fly}
rCold    . . .     Gourm    .   (shield currently unavailable)
rNeg     . . .     Faith    .   t - +1 plate armour
rPois    +         Spirit   .   x - +1 helmet
rElec    .         Reflect  +   (no cloak)
rCorr    .         Harm     .   (no gloves)
MR       .....                  p - +0 pair of boots
Stlth    ..........             b - +2 amulet of reflection
HPRegen  0.27/turn              w - ring of poison resistance
MPRegen  0.14/turn              (no ring)

@: corroded
A: no striking features
a: Heroism, Finesse, Renounce Religion, Evoke Flight


You were on level 12 of the Dungeon.
You worshipped Okawaru.
Okawaru was exalted by your worship.
You were not hungry.

You visited 2 branches of the dungeon, and saw 13 of its levels.

You collected 813 gold pieces.
You spent 285 gold pieces at shops.

Inventory:

Hand Weapons
 k - the +0 hand axe of the Original Sin {chop, Str+3 Dex+2}
   (You found it on level 8 of the Dungeon)

   It inflicts extra damage upon your enemies.
   It affects your strength (+3).
   It affects your dexterity (+2).
 D - a +5 broad axe of chopping
 L - the +3 executioner's axe "Jackey" (weapon) {elec, +Fly}
   (Okawaru gifted it to you on level 12 of the Dungeon)

   Occasionally, upon striking a foe, it will discharge some electrical energy
   and cause terrible harm.
   It lets you fly.
Missiles
 d - 8 javelins
 h - 33 boomerangs (quivered)
Armour
 c - a +2 shield
 p - a +0 pair of boots (worn)
 t - a +1 plate armour (worn)
 x - a +1 helmet (worn)
 K - a +2 chain mail of cold resistance
 M - a +2 hat
Jewellery
 b - a +2 amulet of reflection (around neck)
 l - an uncursed amulet of magic regeneration
 w - a ring of poison resistance (left hand)
Wands
 e - a wand of flame (5)
 u - a wand of iceblast (20)
 C - a wand of random effects (27)
 H - a wand of digging (7)
Scrolls
 a - 2 scrolls of enchant armour
 i - 8 scrolls of teleportation
 m - 2 scrolls of amnesia
 r - 5 scrolls of remove curse
 s - 9 scrolls of identify
 y - 2 scrolls of enchant weapon
 B - 3 scrolls of magic mapping
 I - 2 scrolls of fear
 J - 3 scrolls of fog
Potions
 g - 3 potions of flight
 j - 2 potions of cancellation {unknown}
 n - 4 potions of curing
 o - a potion of heal wounds
 q - a potion of agility {unknown}
 v - a potion of magic {unknown}
 z - 2 potions of resistance {unknown}
Miscellaneous
 E - a phial of floods
 F - a lamp of fire
 G - a fan of gales
Comestibles
 f - 21 rations


   Skills:
 + Level 10.4 Fighting
 + Level 16.7 Axes
 + Level 1.9 Throwing
 + Level 9.1 Armour
 + Level 2.2 Dodging
 + Level 1.3 Stealth
 + Level 12.0 Shields
 + Level 3.2 Invocations


You had 11 spell levels left.
You didn't know any spells.
Your spell library contained the following spells:

 Spells                   Type           Power        Failure   Level  Hunger
 Beastly Appendage        Tmut           #.....       99%         1    ##.....
 Magic Dart               Conj           #...         99%         1    ##.....
 Sting                    Conj/Pois      #...         99%         1    ##.....
 Blink                    Tloc           N/A          100%        2    ###....
 Call Imp                 Summ           #.......     100%        2    ###....
 Corpse Rot               Necr           N/A          100%        2    ###....
 Poisonous Vapours        Pois/Air       #.....       100%        2    ###....
 Slow                     Hex            #.......     100%        2    ###....
 Sticks to Snakes         Tmut           #.......     100%        2    ###....
 Conjure Flame            Conj/Fire      #.......     100%        3    ####...
 Mephitic Cloud           Conj/Pois/Air  #.......     100%        3    ####...
 Spider Form              Tmut/Pois      #.........   100%        3    ####...
 Stone Arrow              Conj/Erth      #.....       100%        3    ####...
 Ice Form                 Ice/Tmut       #.......     100%        4    #####..
 Leda's Liquefaction      Hex/Erth       #.........   100%        4    #####..
 Olgreb's Toxic Radiance  Pois           #.......     100%        4    #####..
 Blade Hands              Tmut           #.........   100%        5    ######.
 Summon Forest            Summ/Tloc      #.........   100%        5    ######.
 Venom Bolt               Conj/Pois      #.........   100%        5    ######.
 Hydra Form               Tmut           #.........   100%        6    #######
 Summon Hydra             Summ           #.........   100%        7    #######


Dungeon Overview and Level Annotations

Branches:
Dungeon (12/15)            Temple (1/1) D:5            Lair (0/6) D:9
    Orc (0/2) D:9

Altars:
Ashenzari
Cheibriados
Dithmenos
Elyvilon
Fedhas
Gozag
Hepliaklqana
Kikubaaqudgha
Makhleb
Nemelex Xobeh
Okawaru
Qazlal
Ru
Sif Muna
Trog
Uskayaw
Vehumet
Wu Jian
Xom
Yredelemnul
Zin
The Shining One

Shops:
D:5 !(   D:11 (   D:12 }:[


Message History

You hit the freezing wraith.
The freezing wraith is lightly damaged.
You feel like a meek peon again. The acid dragon spits acid at you.
The splash of acid hits you! The acid corrodes you!
You are splashed with acid!
* * * LOW HITPOINT WARNING * * *
You slash the cyclops!
The cyclops is moderately wounded.
You barely miss the freezing wraith. You block the freezing wraith's attack.
The freezing wraith hits you!
* * * LOW HITPOINT WARNING * * *
The cyclops hits you!
* * * LOW HITPOINT WARNING * * *
You closely miss the freezing wraith.
The freezing wraith is lightly damaged.
You slice the cyclops!! Lightning courses through the cyclops!
The freezing wraith hits you.
* * * LOW HITPOINT WARNING * * *
The freezing wraith freezes you!
You die...

#.##############.......(
######..†....................
#.....................#####...
#.............#####...# #.##
#.............# ###.# #.#.
#.............# .#.# #.#.
#.............####..#.# #.##
#............(#W..###.# #..'
#............@CD..#...#####..#
####........W#Z..###........#
#.........####..#........#
.........# .#.######.#
........# ###.# #.#
........#####...# #..
................# #..
.....##+#######.# #..
+........#.######..


You could see a cyclops, 2 freezing wraiths, an acid dragon and a bullfrog
simulacrum.

Vanquished Creatures
  A hydra (D:12)
  A centaur warrior (D:9)
  A two-headed ogre (D:9)
  3 unseen horrors
  An orb spider (shapeshifter) (D:9)
  6 ugly things
  A cyclops (D:11)
  A manticore (D:11)
  A gargoyle (D:10)
  5 orange demons (D:11)
  3 red devils (D:11)
  A troll (D:9)
  A hornet (D:7)
  4 hippogriffs
  A wraith (D:10)
  2 shadows
  A vampire (D:12)
  11 yaks
  3 hungry ghosts
  A soldier ant (D:11)
  Duvessa (D:4)
  2 porcupines (D:9)
  7 ice beasts
  3 orc warriors
  2 sky beasts
  2 phantoms
  3 black bears
  7 ogres
  2 eyes of draining
  9 centaurs
  2 crocodiles
  A big kobold (D:12)
  9 bullfrogs
  Dowan (D:4)
  3 scorpions
  A water moccasin skeleton (D:9)
  3 killer bees (D:5)
  7 wights
  3 howler monkeys
  6 crimson imps
  5 hounds
  A quasit (D:8)
  A bullfrog zombie (D:12)
  2 centaur zombies
  9 jellies
  5 orc priests
  5 centaur skeletons
  4 bullfrog skeletons
  Terence (D:2)
  4 orc wizards
  13 worker ants
  2 worker ant zombies
  8 adders
  3 shadow imps
  7 oozes
  An adder zombie (D:9)
  A worm (D:2)
  3 dart slugs
  3 leopard geckos
  16 orcs
  6 bats
  4 giant cockroaches
  9 goblins
  4 hobgoblins
  6 jackals
  13 kobolds
  4 quokkas
  2 ball pythons
  5 frilled lizards
  A jackal skeleton (D:7)
  A leopard gecko zombie (D:5)
  4 rats
  A fungus (D:9)
277 creatures vanquished.

Vanquished Creatures (others)
  A cyclops (D:12)
  4 centaurs
  An orc (D:3)
  13 fungi (D:9)
  11 plants (D:9)
30 creatures vanquished.

Grand Total: 307 creatures vanquished

Notes
Turn   | Place    | Note
-------+----------+-------------------------------------------
     0 | D:1      | Ereth the Hill Orc Fighter began the quest for the Orb.
     0 | D:1      | Reached XP level 1. HP: 19/19 MP: 1/1
    31 | D:1      | Reached XP level 2. HP: 27/27 MP: 2/2
   127 | D:1      | Reached skill level 3 in Axes
   173 | D:1      | Reached XP level 3. HP: 33/33 MP: 3/3
   566 | D:2      | Noticed Terence
   578 | D:2      | Killed Terence
   578 | D:2      | Reached XP level 4. HP: 30/40 MP: 4/4
  1380 | D:3      | Reached skill level 4 in Axes
  1665 | D:3      | Reached XP level 5. HP: 47/47 MP: 5/5
  2028 | D:4      | Found a radiant altar of Vehumet.
  2168 | D:3      | HP: 2/47 [something/puff of flame (8)]
  2478 | D:3      | Reached skill level 1 in Dodging
  2503 | D:4      | Reached XP level 6. HP: 53/53 MP: 6/6
  2548 | D:4      | Noticed Duvessa
  2548 | D:4      | Noticed Dowan
  2735 | D:4      | Killed Duvessa
  2735 | D:4      | Reached skill level 5 in Axes
  2864 | D:4      | Killed Dowan
  3065 | D:4      | Reached skill level 5 in Shields
  3065 | D:4      | Reached XP level 7. HP: 54/60 MP: 7/7
  3249 | D:4      | Reached skill level 5 in Fighting
  3396 | D:5      | Entered Level 5 of the Dungeon
  3406 | D:5      | Found a glowing silver altar of Zin.
  3450 | D:5      | Reached skill level 6 in Axes
  3816 | D:5      | Found Loxacih's Distillery.
  3825 | D:5      | Bought a potion of heal wounds for 55 gold pieces
  3825 | D:5      | Bought a potion of heal wounds for 55 gold pieces
  4050 | D:5      | Found Ittilets's Antique Weapon Shop.
  4128 | D:5      | Found a staircase to the Ecumenical Temple.
  4158 | D:5      | Found a shimmering blue altar of Sif Muna.
  4181 | Temple   | Entered the Ecumenical Temple
  4333 | Temple   | Became a worshipper of Warmaster Okawaru
  4582 | D:6      | Reached skill level 1 in Throwing
  4754 | D:5      | Reached skill level 5 in Armour
  5007 | D:5      | Reached skill level 7 in Axes
  5007 | D:5      | Reached XP level 8. HP: 39/69 MP: 8/8
  5407 | D:6      | Reached * piety under Okawaru
  6047 | D:6      | Reached skill level 8 in Axes
  6376 | D:6      | Reached skill level 9 in Axes
  6509 | D:7      | Reached ** piety under Okawaru
  6524 | D:7      | Reached XP level 9. HP: 75/78 MP: 9/9
  6573 | D:7      | Noticed a hornet
  6588 | D:7      | Killed a hornet
  7010 | D:7      | Reached skill level 10 in Axes
  7743 | D:8      | Reached skill level 1 in Invocations
  7746 | D:8      | Reached skill level 1 in Stealth
  7751 | D:8      | Got an ancient hand axe
  7752 | D:8      | Identified the +0 hand axe of the Original Sin {chop, Str+3
                  | Dex+2} (You found it on level 8 of the Dungeon)
  7903 | D:8      | Reached *** piety under Okawaru
  8039 | D:8      | Found a sparkling altar of Nemelex Xobeh.
  8071 | D:8      | Reached XP level 10. HP: 82/86 MP: 11/11
  8520 | D:9      | Found a shadowy altar of Dithmenos.
  8520 | D:9      | Found a snail-covered altar of Cheibriados.
  8526 | D:9      | Found an ancient bone altar of Kikubaaqudgha.
  8537 | D:9      | Reached skill level 11 in Axes
  8539 | D:9      | Found a basalt altar of Yredelemnul.
  8540 | D:9      | Found a faded altar of an unknown god.
  8706 | D:9      | Noticed a two-headed ogre
  8709 | D:9      | Reached **** piety under Okawaru
  8723 | D:9      | Killed a two-headed ogre
  8723 | D:9      | Reached skill level 12 in Axes
  8803 | D:9      | Found a staircase to the Lair.
  9005 | D:9      | Found a staircase to the Orcish Mines.
  9119 | D:9      | Noticed a red ugly thing
  9137 | D:9      | Killed a red ugly thing
  9153 | D:9      | Found a stormy altar of Qazlal.
  9357 | D:9      | Noticed a red ugly thing
  9357 | D:9      | Noticed a centaur warrior
  9361 | D:9      | Killed a centaur warrior
  9361 | D:9      | Reached ***** piety under Okawaru
  9361 | D:9      | Reached skill level 13 in Axes
  9361 | D:9      | Reached skill level 10 in Shields
  9361 | D:9      | Reached XP level 11. HP: 86/94 MP: 9/12
  9376 | D:9      | Killed a red ugly thing
  9406 | D:9      | Noticed an orb spider
  9406 | D:9      | an eye of draining changed into an orb spider
  9422 | D:9      | Killed an orb spider
  9727 | D:10     | Entered Level 10 of the Dungeon
 10075 | D:10     | Killed an unseen horror
 10337 | D:11     | Reached skill level 14 in Axes
 10404 | D:11     | Noticed a red ugly thing
 10411 | D:11     | Killed a red ugly thing
 10457 | D:11     | Reached ****** piety under Okawaru
 10519 | D:11     | Killed an unseen horror
 10519 | D:11     | Received a gift from Okawaru
 10614 | D:11     | Reached XP level 12. HP: 95/104 MP: 12/14
 10668 | D:11     | Reached skill level 15 in Axes
 10921 | D:11     | Found Wutwun's Antique Weapon Boutique.
 11197 | D:11     | Reached skill level 16 in Axes
 11602 | D:12     | Found Jucepe's Book Shop.
 11734 | D:12     | Reached skill level 10 in Fighting
 11754 | D:12     | Received a gift from Okawaru
 11761 | D:12     | Got an ivory executioner's axe {god gift}
 11769 | D:12     | Identified the +3 executioner's axe "Jackey" {elec, +Fly}
                  | (Okawaru gifted it to you on level 12 of the Dungeon)
 11891 | D:12     | Found Noav's Antique Armour Shoppe.
 11895 | D:12     | Bought a glowing hat for 175 gold pieces
 12038 | D:12     | Found Hoev's Gadget Boutique.
 12069 | D:12     | Noticed a six-headed hydra
 12085 | D:12     | Killed an 11-headed hydra
 12091 | D:12     | Slain by a freezing wraith

Levels and vault maps discovered:
D:1:      dpeg_arrival_tiny_d, layout_rooms
D:2:      minmay_alternating_diamond, layout_loops_ring, uniq_terence
D:3:      layout_basic
D:4:      layout_gridville, first_ration, vehumet_altar_wand_db, uniq_duvessa
D:5:      layout_loops_ring, old_standard_altar, nicolae_overflow_crystal_walls,
          temple_doors_cd, serial_shops, shop, kennysheep_mini_moat
D:6:      layout_loops_ring
D:7:      layout_cave_pools, minmay_misc_feat_enclosed
D:8:      layout_gridville, nemelex_xobeh_ov_fountains_minmay
D:9:      minmay_the_grid_triangle_9x9_recursive_2
          [minmay_the_grid_triangle_9x9_prize_center,
          minmay_the_grid_triangle_9x9_corrupted_corridor,
          minmay_the_grid_triangle_9x9_longest,
          minmay_the_grid_triangle_9x9_sprig], layout_small_grid,
          chequers_temple_overflow_minitemple, due_lair_maze_entry_diamond,
          hangedman_little_slice_of_home, nicolae_qazlal_style_of_elements
D:10:     layout_rooms
D:11:     layout_irregular_city, serial_shops, nicolae_shop_overgrown_old_shop,
          minmay_beelzebubs_servants
D:12:     minmay_blocky_corners, layout_irregular_city, serial_shops,
          nicolae_shop_behind_doors, shop, shop
Temple:   regret_index_temple_generic_petals

Skill      XL: |  1  2  3  4  5  6  7  8  9 10 11 12 |
---------------+-------------------------------------+-----
Fighting       | 4 5 6 7 9 10 | 10.4
Axes           | 3 4 5 7 9 10 13 14 16 | 16.7
Armour         | 4 5 6 7 8 9 |  9.1
Shields        | 4 5 6 8 10 11 12 | 12.0
Dodging        | 1 2 |  2.2
Throwing       | 1 |  1.9
Invocations    | 2 3 |  3.2
Stealth        | 1 |  1.3

Action                   |  1- 3 |  4- 6 |  7- 9 | 10-12 || total
-------------------------+-------+-------+-------+-------++-------
Melee: War axe           |    59 |   164 |   269 |       ||   492
       Hand axe          |       |       |    53 |   289 ||   342
       Broad axe         |       |       |       |   277 ||   277
       Executioner's axe |       |       |       |    39 ||    39
Throw: Boomerang         |     4 |     1 |    14 |     6 ||    25
Invok: Heroism           |       |       |     5 |    16 ||    21
  Use: Scroll            |       |     9 |     5 |       ||    14
       Potion            |       |     5 |       |     1 ||     6
  Eat: Chunk             |       |     4 |     9 |     8 ||    21
       Ration            |       |     1 |     2 |     4 ||     7
Armor: Scale mail        |    19 |       |       |       ||    19
       Chain mail        |     4 |   100 |    46 |       ||   150
       Plate armour      |       |       |   103 |   243 ||   346
Dodge: Dodged            |    17 |    32 |    69 |   115 ||   233
Block: Shield            |    30 |   110 |   260 |   368 ||   768
       Reflection        |       |     3 |     7 |    23 ||    33
       Other             |       |       |       |     3 ||     3
